 Dungeon Crawl Stone Soup version 0.20-a0-601-g29d1f57 (webtiles) character file.

2102 AlphabetPasta the Grasshopper (level 9, -5/78 HPs)
             Began as a Deep Dwarf Warper on Feb 6, 2017.
             Was an Initiate of Makhleb.
             Slain by a two-headed ogre
             ... wielding a +0 giant club
              (20 damage)
             ... on level 7 of the Dungeon on Feb 7, 2017.
             The game lasted 00:37:44 (5941 turns).

AlphabetPasta the Grasshopper (Deep Dwarf Warper)   Turns: 5941, Time: 00:37:48

Health: -5/78      AC:  6    Str: 15    XL:     9   Next: 7%
Magic:  0/11       EV: 16    Int: 16    God:    Makhleb [......]
Gold:   372        SH:  0    Dex: 13    Spells: 8/15 levels left

rFire    . . .     SeeInvis .   a - +1 hand axe
rCold    . . .     Gourm    .   b - +0 leather armour
rNeg     . . .     Faith    .   (no shield)
rPois    .         Spirit   .   f - +1 helmet
rElec    .         Reflect  .   (no cloak)
rCorr    +         Harm     .   k - +0 pair of gloves
MR       +....                  (no boots)
Stlth    +.........             (no amulet)
Regen    0.0/turn               o - +3 ring of evasion
                                m - ring of resist corrosion

@: very slightly contaminated, non-regenerating, hasted, very quick
A: damage resistance, heal wounds, sense surroundings 2, slow regeneration 3
a: Heal Wounds, Renounce Religion


You were on level 7 of the Dungeon.
You worshipped Makhleb.
Makhleb was noncommittal.
You were not hungry.

You visited 2 branches of the dungeon, and saw 8 of its levels.

You collected 372 gold pieces.

Inventory:

Hand Weapons
 a - a +1 hand axe (weapon)
Missiles
 e - 2 tomahawks of dispersal (quivered)
 g - 42 bolts
Armour
 b - a +0 leather armour (worn)
 f - a +1 helmet (worn)
 k - a +0 pair of gloves (worn)
 x - a +3 chain mail
 A - a +0 ring mail
Jewellery
 m - a ring of resist corrosion (left hand)
 o - a +3 ring of evasion (right hand)
Wands
 q - a wand of confusion (0/48)
Scrolls
 i - a scroll of blinking
 j - 2 scrolls of remove curse
 r - a scroll of fear
 y - a scroll of enchant armour
 B - 3 scrolls of identify
 D - 2 scrolls of teleportation
Potions
 d - 3 potions of curing
 h - 2 potions of resistance
 n - 2 potions of brilliance
 w - a potion of lignification
 z - a potion of cure mutation
Books
 c - a book of Spatial Translocations

   Spells                             Type                      Level
   a - Blink                          Translocation                2
   b - Shroud of Golubria             Charms/Translocation         2
   c - Lesser Beckoning               Translocation                3
   d - Portal Projectile              Translocation                3
   e - Teleport Other                 Translocation                3
   f - Passage of Golubria            Translocation                4
Comestibles
 l - 3 meat rations
 p - a royal jelly
 t - 2 bread rations
 u - 6 fruits
 v - a chunk of flesh


   Skills:
 + Level 4.2 Fighting
 * Level 6.5 Axes
 - Level 0.8 Throwing
 + Level 4.3 Armour
 + Level 4.2 Dodging
 + Level 3.9 Spellcasting
 + Level 3.3 Charms
 * Level 6.9 Translocations


You had 8 spell levels left.
You knew the following spells:

 Your Spells              Type           Power        Failure   Level  Hunger
a - Blink                 Tloc           N/A          1%          2    ##.....
b - Shroud of Golubria    Chrm/Tloc      ###.......   4%          2    ##.....
c - Teleport Other        Tloc           ####....     4%          3    ###....


Dungeon Overview and Level Annotations

Branches:
Dungeon (7/15)             Temple (1/1) D:5

Altars:
Ashenzari
Dithmenos
Elyvilon
Fedhas
Gozag
Hepliaklqana
Kikubaaqudgha
Makhleb
Nemelex Xobeh
Okawaru
Qazlal
Sif Muna
Trog
Uskayaw
Vehumet
Xom
Yredelemnul
Zin
The Shining One
Beogh


Innate Abilities, Weirdness & Mutations

You are resistant to damage.
You can heal yourself by infusing magical energy.
You passively map the area around you.
You do not regenerate.


Message History

Unknown command.
Casting: Shroud of Golubria
Confirm with . or Enter, or press ? or * to list all spells.
Space distorts slightly along a thin shroud covering your body.
The two-headed ogre hits you with a giant club!
* * * LOW HITPOINT WARNING * * *
Your shroud falls apart!
The two-headed ogre completely misses you.
The crimson imp misses you.
Casting: Shroud of Golubria
Confirm with . or Enter, or press ? or * to list all spells.
Space distorts slightly along a thin shroud covering your body.
Unknown command.
You hit the two-headed ogre but do no damage.
The two-headed ogre is heavily wounded.
You hit the crimson imp but do no damage.
Your shroud bends the crimson imp's attack away.
The two-headed ogre barely misses you.
The two-headed ogre hits you with a giant club!!
You die...

*,*
#..............
, , *
#...........# ,
,*
#...........#
,, , *
#<.........## *
, *
#..........# ,
, .#..........#
*
#............#
*
##...........#
,
#.#####.5@###*
, , #.*
###.O...... ,*
#.* ######### *
* * * , , , * ,
* , * , * ,,


You could see a two-headed ogre and a crimson imp.

Vanquished Creatures
  The ghost of edsrzf the Sneak, a novice DgAs (D:5)
  Prince Ribbit (D:6)
  Grinder (D:5)
  A sky beast (D:5)
  3 ogres
  An ice beast (D:6)
  A centaur (D:6)
  A bullfrog (D:6)
  Blork the orc (D:6)
  A crimson imp (D:5)
  2 bullfrog zombies (D:5)
  Crazy Yiuf (D:6)
  A jelly (D:6)
  3 orc priests
  2 hounds (D:6)
  3 orc wizards
  Jessica (D:2)
  Ijyb (D:1)
  An iguana (D:5)
  2 worker ants (D:4)
  Robin (D:2)
  A worker ant zombie (D:7)
  A howler monkey skeleton (D:5)
  6 adders
  An ooze (D:2)
  2 adder skeletons
  5 worms
  3 dart slugs
  2 leopard geckos
  19 orcs
  6 bats
  6 giant cockroaches
  16 goblins
  9 hobgoblins
  2 jackals (D:1)
  A quokka (D:4)
  6 ball pythons
  3 frilled lizards
  8 kobolds
  A leopard gecko skeleton (D:5)
  A quokka skeleton (D:4)
  7 rats
136 creatures vanquished.

Notes
Turn   | Place    | Note
-------+----------+-------------------------------------------
     0 | D:1      | AlphabetPasta the Deep Dwarf Warper began the quest for the Orb.
     0 | D:1      | Reached XP level 1. HP: 19/19 MP: 3/3
   166 | D:1      | Reached XP level 2. HP: 26/26 MP: 4/4
   170 | D:1      | Learned a level 2 spell: Blink
   173 | D:1      | Learned a level 2 spell: Shroud of Golubria
   615 | D:2      | Noticed Ijyb
   650 | D:1      | Killed Ijyb
   650 | D:1      | Reached XP level 3. HP: 20/32 MP: 1/6
   731 | D:2      | Reached XP level 4. HP: 24/39 MP: 4/7
   746 | D:2      | Noticed Robin
   821 | D:2      | Killed Robin
   821 | D:2      | Reached skill level 1 in Charms
   847 | D:2      | Upgraded the game from 0.20-a0-599-g16ea627 to 0.20-a0-601-g29d1f57
  1063 | D:2      | Found a glowing golden altar of the Shining One.
  1130 | D:2      | Noticed Jessica
  1130 | D:2      | Reached XP level 5. HP: 29/46 MP: 2/7
  1140 | D:2      | Killed Jessica
  1463 | D:3      | Learned a level 3 spell: Teleport Other
  1512 | D:3      | Found a faded altar of an unknown god.
  1818 | D:3      | Found an opulent altar of Gozag.
  1823 | D:3      | Found a sparkling altar of Nemelex Xobeh.
  2050 | D:3      | Found a roughly hewn altar of Beogh.
  2248 | D:4      | Reached XP level 6. HP: 35/55 MP: 9/9
  2296 | D:4      | Learned a level 3 spell: Teleport Other
  2568 | D:4      | Found a blossoming altar of Fedhas.
  3223 | D:5      | Entered Level 5 of the Dungeon
  3283 | D:5      | Noticed a sky beast
  3285 | D:5      | Reached skill level 5 in Translocations
  3285 | D:5      | Reached XP level 7. HP: 22/62 MP: 8/10
  3361 | D:5      | Found a staircase to the Ecumenical Temple.
  3377 | Temple   | Entered the Ecumenical Temple
  3461 | Temple   | Became a worshipper of Makhleb the Destroyer
  3653 | D:5      | Noticed edsrzf's ghost (novice DgAs)
  3733 | D:5      | Killed edsrzf's ghost
  3733 | D:5      | Reached skill level 5 in Axes
  3733 | D:5      | Reached XP level 8. HP: 27/69 MP: 5/10
  4065 | D:5      | Noticed Grinder
  4086 | D:5      | Killed Grinder
  4699 | D:6      | Noticed Blork the orc
  4714 | D:6      | Killed Blork the orc
  4831 | D:6      | Noticed Prince Ribbit
  4870 | D:6      | Found a bloodstained altar of Trog.
  4912 | D:6      | Killed Prince Ribbit
  5251 | D:6      | Gained mutation: You passively map the area around you. [Deep Dwarf growth]
  5251 | D:6      | Reached XP level 9. HP: 48/78 MP: 7/11
  5499 | D:6      | Found a runed door.
  5503 | D:6      | Noticed Crazy Yiuf
  5519 | D:6      | Killed Crazy Yiuf
  5919 | D:7      | Noticed a two-headed ogre
  5941 | D:7      | Slain by a two-headed ogre

Vault maps used:
D:1:      mushboom_english_gardens, minmay_misc_feat_diagonals
D:2:      nrook_mini_vaults, tso_metal_star, uniq_iyjb, uniq_jessica, uniq_robin
D:3:      grunt_temple_overflow_opulence,
          chequers_ecumenical_altar_simple_redux, kennysheep_orc_chapel
D:4:      lemuel_round_altar
D:5:      minmay_temple_entry_trees, first_bread, hex_tiny, uniq_grinder
D:6:      hangedman_decor_clover_reticule, bloody_trog, uniq_blork_the_orc,
          uniq_prince_ribbit1, uniq_crazy_yiuf_cottage
D:7:      grunt_temple_overflow_open, gup_ossuary_entry_pyramid, the_bakery,
          doesnt_xom_only_xom, uniq_joseph, uniq_menkaure, uniq_duvessa
Temple:   regret_index_temple_generic_petals

Skill      XL: |  1  2  3  4  5  6  7  8 |
---------------+-------------------------+-----
Fighting       | 2 3 4 |  4.2
Spellcasting   | 2 3 |  3.9
Axes           | 3 4 5 6 |  6.5
Charms         | 1 2 3 |  3.3
Translocations | 4 5 6 |  6.9
Armour         | 2 4 |  4.3
Dodging        | 3 4 |  4.2
Throwing       | |  0.8

Action                   |  1- 3 |  4- 6 |  7- 9 || total
-------------------------+-------+-------+-------++-------
Melee: Hand axe          |   115 |   284 |   321 ||   720
Throw: Tomahawk          |       |       |     3 ||     3
 Cast: Shroud of Golubri |    10 |    43 |    35 ||    88
 Abil: Heal Wounds       |       |     5 |    16 ||    21
Evoke: Wand              |       |     5 |    14 ||    19
  Use: Scroll            |     2 |    14 |     6 ||    22
       Potion            |     1 |     2 |     3 ||     6
 Stab: Sleeping          |       |     1 |       ||     1
       Confused          |       |     5 |     3 ||     8
  Eat: Bread ration      |       |     1 |       ||     1
       Chunk             |       |     8 |    10 ||    18
       Fruit             |       |       |     1 ||     1
Armor: Leather armour    |    24 |    65 |    54 ||   143
Dodge: Dodged            |    76 |   181 |   212 ||   469
